 Dungeon Crawl Stone Soup version 0.31-a0-1008-g5b978dac0e (webtiles) character file.

Game seed: 2574740946054092731

(classic levelgen) 5068 Amnesiac the Thaumaturge (level 10, -3/60 HPs)
             Began as a Djinni Conjurer on Nov 12, 2023.
             Was a Priest of Dithmenos.
             Slain by a shadow (7 damage)
             ... on level 8 of the Dungeon.
             The game lasted 00:12:43 (6746 turns).

Amnesiac the Thaumaturge (Djinni Conjurer)          Turns: 6746, Time: 00:12:43

Health: -3/60      AC:  7    Str:  6    XL:     10   Next: 86%
Gold:   957        EV: 12    Int: 30    God:    Dithmenos [***...] SH:  5 Dex: 12

rFire   + . .        g - +3 dagger (elec)
rCold   . . .        (no shield)
rNeg    . . .        Q - +0 steam dragon scales
rPois   ∞            F - +1 hat
rElec   .            (no cloak)
rCorr   .            E - +0 pair of gloves
SInv    .            (boots unavailable)
Will    +....        w - amulet of reflection
Stlth   ++           O - ring of ice
HPRegen 0.30/turn    D - +6 ring of intelligence
MPRegen 0.00/turn

%: reflection, infuse magic (-4 HP)
@: flying, hasted and slowed, wreathed by umbra
A: sickness immunity, fire resistance 2, cold vulnerability 1, float, innate
caster, HP casting, extra vitality 1
a: Renounce Religion, Shadow Step


You were on level 8 of the Dungeon.
You worshipped Dithmenos.
Dithmenos was most pleased with you.
You visited 2 branches of the dungeon, and saw 9 of its levels.
You also visited: Bailey.

You collected 1221 gold pieces.
You spent 264 gold pieces at shops.

Inventory:

Hand Weapons
 g - a +3 dagger of electrocution (weapon)
Missiles
 n - 13 curare-tipped darts
Armour
 E - a +0 pair of gloves (worn)
 F - a +1 hat (worn)
 Q - +0 steam dragon scales (worn)
Magical Staves
 o - a staff of death
Jewellery
 a - a ring of protection from cold
 h - a +4 ring of protection
 u - a ring of see invisible
 w - an amulet of reflection (around neck)
 D - a +6 ring of intelligence (right hand)
 O - a ring of ice (left hand)
Wands
 j - a wand of light (11)
Scrolls
 b - 8 scrolls of identify {!r}
 d - 5 scrolls of teleportation {!r}
 e - 3 scrolls of enchant armour {!r, unknown}
 f - 3 scrolls of fog {!r, unknown}
 k - 3 scrolls of silence {!r, unknown}
 m - 4 scrolls of immolation {!r}
 p - a scroll of enchant weapon {!r}
 t - a scroll of brand weapon {!r, unknown}
 x - 2 scrolls of revelation {!r}
 y - a scroll of blinking {!r, unknown}
 A - a scroll of amnesia {!r, unknown}
 G - 3 scrolls of vulnerability {!r}
 H - a scroll of butterflies {!r, unknown}
 I - a scroll of acquirement {!r, unknown}
 N - 2 scrolls of fear {!r, unknown}
 P - a scroll of poison {!r, unknown}
Potions
 c - 2 potions of brilliance {!q, unknown}
 i - 2 potions of berserk rage {!q, unknown}
 l - a potion of enlightenment {!q, unknown}
 q - 3 potions of haste {!q}
 r - 3 potions of curing {!q, unknown}
 s - 2 potions of heal wounds {!q, unknown}
 v - a potion of resistance {!q, unknown}
 C - 2 potions of might {!q, unknown}
 J - a potion of mutation {!q, unknown}
 K - 2 potions of attraction {!q, unknown}
 L - a potion of lignification {!q, unknown}
 M - 2 potions of invisibility {!q, unknown}
Miscellaneous
 z - a phantom mirror


   Skills:
 - Level 2.1 Dodging
 - Level 1.5 Stealth
 + Level 12.0 Spellcasting
 + Level 12.0 Conjurations
 + Level 12.0 Hexes
   Level 0.0 Charms
 + Level 12.0 Summonings
 + Level 12.0 Necromancy
 + Level 12.0 Translocations
 + Level 12.0 Transmutations
 + Level 12.0 Fire Magic
 + Level 12.0 Ice Magic
 + Level 12.0 Air Magic
 + Level 12.0 Earth Magic
 + Level 12.0 Poison Magic


You knew the following spells:

 Your Spells              Type           Power      Damage    Failure   Level
a - Magic Dart            Conj           100%       1d8       1%          1
b - Iskenderun's Mystic   Conj/Tloc      74%        2d15      1%          4
c - Fulminant Prism       Conj/Hex       37%        3d17      1%          4
d - Dazzling Flash        Conj/Hex       100%       N/A       1%          3
e - Searing Ray           Conj           100%       2d8       1%          2
f - Summon Small Mammal   Summ           100%       N/A       1%          1
g - Static Discharge      Conj/Air       100%       3-8/arc   1%          2
h - Ignite Poison         Fire/Tmut/Pois 74%        N/A       1%          3
w - Tukima's Dance        Hex            74%        N/A       1%          3
Your spell library was empty.

Dungeon Overview and Level Annotations

Branches:
Dungeon (8/15)             Temple (1/1) D:4          Bailey (visited)
   Lair: D:8-11

Altars:
Ashenzari
Cheibriados
Dithmenos
Elyvilon
Fedhas
Hepliaklqana
Makhleb
Okawaru
Ru
Trog
Uskayaw
Wu Jian
Zin

Shops:
D:6 ?

Annotations:
D:8 Nonseq's ghost, journeyman MfGl


Innate Abilities, Weirdness & Mutations

You are immune to sickness and miasma.
You are immune to poison.
Your flesh is very heat resistant. (rF++)
You are vulnerable to cold. (rC-)
You float through the air rather than walking.
You learn spells naturally, not from books.
Your magical power is your life essence.
You have superior vitality. (+4 MHP)


Message History

You erupt in a blast of force!
The mystic blast hits Nonseq's ghost but does no damage.
The mystic blast hits the wraith.
The wraith is severely damaged.
The wraith is knocked back by the mystic blast.
The wraith hits you.
* * * LOW HITPOINT WARNING * * *
You block the wraith's attack. The wraith attacks as it pursues you!
The wraith hits you!
* * * LOW HITPOINT WARNING * * *
Nonseq's ghost says, "One skewered Djinni, coming right up."
The wraith hits you but does no damage.
Casting: Iskenderun's Mystic Blast (safe; 1% risk of failure)
Confirm with . or Enter, or press ? or * to list all spells.
You erupt in a blast of force!
The mystic blast hits something.
The mystic blast hits Nonseq's ghost!
Nonseq's ghost is lightly damaged.
Nonseq's ghost is knocked back by the mystic blast.
The mystic blast hits the wraith!
You destroy the wraith!
Dithmenos accepts your kill.
* * * LOW HITPOINT WARNING * * *
Your Spellcasting skill increases to level 12!
Your Conjurations skill increases to level 12!
Your Hexes skill increases to level 12!
Your Summonings skill increases to level 12!
Your Necromancy skill increases to level 12!
Your Translocations skill increases to level 12!
Your Transmutations skill increases to level 12!
Your Fire Magic skill increases to level 12!
Your Ice Magic skill increases to level 12!
Your Air Magic skill increases to level 12!
Your Earth Magic skill increases to level 12!
Your Poison Magic skill increases to level 12!
Casting: Iskenderun's Mystic Blast (safe; 1% risk of failure)
Confirm with . or Enter, or press ? or * to list all spells.
Aiming: Fulminant Prism (safe; 1% risk of failure)
Press: ? - help, Dir - move target You conjure a prism of explosive energy!
* * * LOW HITPOINT WARNING * * *
A fulminant prism comes into view.
The shadow strikes at you from the darkness!
* * * LOW HITPOINT WARNING * * *
Reactivating autopickup.
The shadow attacks as it pursues you! The shadow hits you.
* * * LOW HITPOINT WARNING * * *
Nonseq's ghost hits your fulminant prism!
Your fulminant prism crackles loudly.
The shadow hits you.
Casting: Fulminant Prism (safe; 1% risk of failure)
Confirm with . or Enter, or press ? or * to list all spells.
You don't have enough health to cast this spell.
It was a potion of haste {!q}.
You feel yourself speed up.
Your fulminant prism explodes!
The blast of energy engulfs the wraith!!
The wraith is severely damaged.
The blast of energy engulfs the wraith!!
The wraith is severely damaged.
The blast of energy engulfs Nonseq's ghost!!!
Nonseq's ghost is heavily damaged.
The blast of energy engulfs the shadow!
The shadow is severely damaged.
The shadow hits you!
You die...

#........
######........
#......######
#.####......#.#
####.####W#......#.
#...WW...W.........
#.##W#######'''###.
#.##W# #.......#
#.##@# ##.....##
#.##.# .......#
#.##.# #.[$..#####
#.##.# ..8.8..#...
#.##.#
############.
#.##.# #.# #.# ##.
#.##.#
#.####.####..
#.##.#
#...#...##(..
#.##.#
###..........


You could see 2 wraiths, a shadow and Nonseq's ghost.

Vanquished Creatures
  Joseph (D:8)
  A slime creature (D:5)
  Sigmund (D:2)
  5 yaks (D:6)
  A wraith (D:8)
  2 steam dragons (D:8)
  3 vampire mosquitoes (D:7)
  2 water moccasins
  4 orc warriors
  3 ogres
  A centaur (D:8)
  5 kobold brigands
  3 bullfrogs
  2 scorpions (D:6)
  9 wights
  4 howler monkeys
  4 orc priests (D:6)
  3 jellies (D:5)
  A sleepcap (D:6)
  4 orc wizards
  2 iguanas (D:5)
  3 gnolls (D:7)
  8 adders
  A shadow imp (D:6)
  A white imp (D:7)
  2 ufetubi (D:6)
  26 orcs
  5 ball pythons
  8 endoplasms
  4 giant cockroaches
  11 hobgoblins
  2 jackals (D:1)
  27 kobolds
  3 quokkas
  4 bats
  17 goblins
  2 rats
185 creatures vanquished.

Vanquished Creatures (collateral kills)
  2 kobold brigands (Bailey)
2 creatures vanquished.

Vanquished Creatures (others)
  17 fulminant prisms
17 creatures vanquished.

Grand Total: 204 creatures vanquished

Notes
Turn   | Place    | Note
-------+----------+-------------------------------------------
     0 | D:1      | Amnesiac the Djinni Conjurer began the quest for the Orb.
     0 | D:1      | Amnesiac set off with the following spells memorised: Magic
                  | Dart, Searing Ray, Dazzling Flash, Fulminant Prism,
                  | Iskenderun's Mystic Blast.
     0 | D:1      | Reached XP level 1. HP: 15/15 MP: 0/0
   156 | D:3      | Found a white marble altar of Elyvilon.
   161 | D:3      | Reached XP level 2. HP: 17/21 MP: 0/0
   185 | D:3      | Reached XP level 3. HP: 17/25 MP: 0/0
   185 | D:3      | Learned a level 1 spell: Summon Small Mammal
   369 | D:4      | Noticed an ogre
   376 | D:4      | Killed an ogre
   377 | D:4      | Reached XP level 4. HP: 23/31 MP: 0/0
   377 | D:4      | Reached XP level 5. HP: 26/35 MP: 0/0
   377 | D:4      | Learned a level 2 spell: Static Discharge
   386 | D:5      | Entered Level 5 of the Dungeon
   498 | D:5      | Reached skill level 5 in Spellcasting
   498 | D:5      | Reached skill level 5 in Conjurations
   498 | D:5      | Reached skill level 5 in Hexes
   498 | D:5      | Reached skill level 5 in Summonings
   498 | D:5      | Reached skill level 5 in Necromancy
   498 | D:5      | Reached skill level 5 in Translocations
   498 | D:5      | Reached skill level 5 in Transmutations
   498 | D:5      | Reached skill level 5 in Fire Magic
   498 | D:5      | Reached skill level 5 in Ice Magic
   498 | D:5      | Reached skill level 5 in Air Magic
   498 | D:5      | Reached skill level 5 in Earth Magic
   498 | D:5      | Reached skill level 5 in Poison Magic
   506 | D:5      | Reached XP level 6. HP: 27/40 MP: 0/0
   646 | D:5      | Reached XP level 7. HP: 32/45 MP: 0/0
   646 | D:5      | Learned a level 3 spell: Ignite Poison
  1118 | D:5      | Found an ornate altar of the Wu Jian Council.
  1119 | D:5      | Found a snail-covered altar of Cheibriados.
  1547 | D:4      | Found a staircase to the Ecumenical Temple.
  1711 | Temple   | Entered the Ecumenical Temple
  1728 | Temple   | Became a worshipper of Dithmenos the Shadowed
  2683 | D:2      | Noticed a glass eye
  2684 | D:2      | Noticed a golden eye
  2686 | D:2      | Found a faded altar of an unknown god.
  2687 | D:2      | Noticed a glass eye
  2687 | D:2      | Noticed an eye of devastation
  2715 | D:2      | Noticed Sigmund
  2725 | D:2      | Killed Sigmund
  2762 | D:2      | Reached * piety under Dithmenos
  3610 | D:5      | Reached XP level 8. HP: 44/50 MP: 0/0
  3690 | D:5      | Noticed a slime creature
  3704 | D:5      | Killed a slime creature
  3869 | D:5      | Found a burning altar of Makhleb.
  3869 | D:5      | Found a snail-covered altar of Cheibriados.
  3869 | D:5      | Found a blossoming altar of Fedhas.
  3869 | D:5      | Found an iron altar of Okawaru.
  3869 | D:5      | Found a bloodstained altar of Trog.
  4155 | D:6      | Reached ** piety under Dithmenos
  4473 | D:6      | Reached XP level 9. HP: 42/55 MP: 0/0
  4473 | D:6      | Learned a level 3 spell: Tukima's Dance
  4689 | D:6      | Reached skill level 10 in Spellcasting
  4689 | D:6      | Reached skill level 10 in Conjurations
  4689 | D:6      | Reached skill level 10 in Hexes
  4689 | D:6      | Reached skill level 10 in Summonings
  4689 | D:6      | Reached skill level 10 in Necromancy
  4689 | D:6      | Reached skill level 10 in Translocations
  4689 | D:6      | Reached skill level 10 in Transmutations
  4689 | D:6      | Reached skill level 10 in Fire Magic
  4689 | D:6      | Reached skill level 10 in Ice Magic
  4689 | D:6      | Reached skill level 10 in Air Magic
  4689 | D:6      | Reached skill level 10 in Earth Magic
  4689 | D:6      | Reached skill level 10 in Poison Magic
  4901 | D:6      | Found a broken altar of Ashenzari.
  5253 | D:6      | Found Yre Runargh's Magic Scroll Shop.
  5266 | D:6      | Bought a scroll of revelation for 90 gold pieces
  5266 | D:6      | Bought a scroll of identify for 24 gold pieces
  5266 | D:6      | Bought a scroll of noise for 12 gold pieces
  5266 | D:6      | Bought a scroll of vulnerability for 48 gold pieces
  5266 | D:6      | Bought a scroll of enchant weapon for 90 gold pieces
  5293 | D:7      | Found a flagged portal.
  5388 | D:7      | Reached XP level 10. HP: 39/60 MP: 0/0
  5440 | D:7      | Reached *** piety under Dithmenos
  5515 | Bailey   | Entered a bailey
  5809 | Bailey   | Found a burning altar of Makhleb.
  6542 | D:8      | Noticed Joseph
  6555 | D:8      | Killed Joseph
  6709 | D:8      | Found a runed translucent gate.
  6725 | D:8      | Found a runed translucent gate.
  6726 | D:8      | Found a runed translucent gate.
  6729 | D:8      | Noticed Nonseq's ghost (journeyman MfGl)
  6745 | D:8      | HP: 3/60 [shadow (4)]
  6746 | D:8      | Slain by a shadow

Illustrated notes

Levels and vault maps discovered:
D:1:      lemuel_arrival_hallway, layout_basic, hangedman_decor_growths,
          serial_park_tiny_pond, glass_columns_a, minmay_misc_feat_rows
D:2:      layout_basic, hellmonk_ecumenical_altar_watching_god,
          grunt_ministairs_11, uniq_sigmund
D:3:      minmay_angry_zag, layout_loops_cross, elyvilon_altar_4
D:4:      layout_gridville, minmay_temple_entry_purple_smoke
D:5:      cheibrodos_fertilizer, layout_basic, amethyst_overflow_temple_binary
D:6:      layout_loops_corners, mainiacjoe_overflow_boulevard, serial_shops,
          kennysheep_little_box, kennysheep_path_1
D:7:      layout_cave_pools, enter_bailey_5
D:8:      layout_loops_ring, lemuel_round_altar, gammafunk_ghost_spectres,
          uniq_erica, uniq_joseph, uniq_pikel, uniq_jeremiah
Temple:   nicolae_temple_bog_church

Skill      XL: |  1  2  3  4  5  6  7  8  9 10 |
---------------+-------------------------------+-----
Spellcasting   | 4 5 6 7 8 10 12 | 12.0
Conjurations   | 4 5 6 7 8 10 12 | 12.0
Hexes          | 4 5 6 7 8 10 12 | 12.0
Summonings     | 4 5 6 7 8 10 12 | 12.0
Necromancy     | 4 5 6 7 8 10 12 | 12.0
Translocations | 4 5 6 7 8 10 12 | 12.0
Transmutations | 4 5 6 7 8 10 12 | 12.0
Fire Magic     | 4 5 6 7 8 10 12 | 12.0
Ice Magic      | 4 5 6 7 8 10 12 | 12.0
Air Magic      | 4 5 6 7 8 10 12 | 12.0
Earth Magic    | 4 5 6 7 8 10 12 | 12.0
Poison Magic   | 4 5 6 7 8 10 12 | 12.0
Dodging        | |  2.1
Stealth        | |  1.5

Action                     |  1- 3 |  4- 6 |  7- 9 | 10-12 || total
---------------------------+-------+-------+-------+-------++-------
  Melee: Dagger            |       |       |     1 |       ||     1
   Cast: Magic Dart        |    32 |     5 |   165 |    85 ||   287
         Searing Ray       |     2 |     6 |     7 |    10 ||    25
         Fulminant Prism   |       |       |     8 |    10 ||    18
         Iskenderun's Myst |       |       |    35 |     9 ||    44
         Tukima's Dance    |       |       |       |     3 ||     3
    Use: Scroll            |       |       |     2 |     3 ||     5
         Potion            |       |       |       |     1 ||     1
 Armour: Robe              |     2 |     4 |    35 |     8 ||    49
         Steam dragon scal |       |       |       |    10 ||    10
  Dodge: Dodged            |     6 |     3 |    17 |    20 ||    46
  Block: Other             |       |       |     6 |     7 ||    13
         Reflection        |       |       |     1 |     5 ||     6

Table legend: (Time is in decaauts)
 A = Elapsed time spent in this place.
 B = Non-inter-level travel time spent in this place.
 C = Inter-level travel time spent in this place.
 D = Time resting spent in this place.
 E = Time spent auto-exploring this place.
 F = Levels seen in this place.
 G = Mean time per level.
                   A        B        C        D        E       F      G
               +--------+--------+--------+--------+--------+-----+--------+
         Total |   6750 |   6302 |    448 |   1197 |   3915 |  10 |  675.0 |
       Dungeon |   6398 |   5983 |    415 |    988 |   3887 |   8 |  799.8 |
        Temple |     34 |      1 |     33 |      0 |      0 |   1 |   34.0 |
        Bailey |    317 |    317 |      0 |    209 |     28 |   1 |  317.0 |
               +--------+--------+--------+--------+--------+-----+--------+

Top non-repeatable levels by time:
     D:5: 1260 daAuts
     D:6: 1194 daAuts
     D:7: 900 daAuts
     D:4: 836 daAuts
     D:1: 691 daAuts
     D:3: 658 daAuts
     D:2: 619 daAuts
  Bailey: 317 daAuts
     D:8: 238 daAuts
  Temple: 34 daAuts
